 Dungeon Crawl Stone Soup version 0.27-a0-1324-ge0d8e047f6 (webtiles) character file.

Game seed: 10038741813682480079

497 Sabo the Shield-Bearer (level 7, 0/45 HPs)
             Began as a Gargoyle Fighter on June 23, 2021.
             Was a Believer of Ashenzari.
             Splashed by Pikel's acid (14 damage)
             ... on level 5 of the Dungeon.
             The game lasted 00:24:15 (5002 turns).

Sabo the Shield-Bearer (Gargoyle Fighter)           Turns: 5002, Time: 00:24:15

Health: 0/45       AC: 20    Str: 26    XL:     7   Next: 16%
Magic:  7/7        EV:  7    Int:  8    God:    Ashenzari [**....]
Gold:   202        SH: 11    Dex: 11    Spells: 6/6 levels left

rFire    + . .     SeeInvis +   w - +2 hand axe (vorpal)
rCold    + . .     Faith    .   c - +0 kite shield of Ashenzari's Jealousy {Cun, Self} (curse)
rNeg     + . .     Spirit   .   n - +0 gold dragon scales
rPois    ∞         Reflect  .   o - +0 helmet
rElec    +         Harm     .   (no cloak)
rCorr    .         Rampage  .   t - +0 pair of gloves
Will     .....                  j - +0 pair of boots of the Eternal Secrets {Comp, Alch} (curse)
Stlth    ..........             (no amulet)
HPRegen  0.15/turn              h - ring of the Bound Seer {Str+6, Fort, Bglg} (curse)
MPRegen  0.10/turn              m - +4 ring of evasion

@: corroded
A: sickness immunity, AC +4, negative energy resistance 1, electricity
resistance, torment resistance 1, petrification resistance
a: Renounce Religion, Shatter the Chains


You were on level 5 of the Dungeon.
You worshipped Ashenzari.
Ashenzari was pleased with you.
You visited 1 branch of the dungeon, and saw 5 of its levels.

You collected 202 gold pieces.

Inventory:

Hand Weapons
 f - a +1 war axe of flaming
 s - a +0 hunting sling
 w - a +2 vorpal hand axe (weapon)
Missiles
 e - 48 bolts
Armour
 c - the cursed +0 kite shield of Ashenzari's Jealousy (worn) {Cun, Self}

   It has a curse which improves the following skills: Cunning: Dodging and
   Stealth.
   Introspection: Fighting and Spellcasting.
 j - the cursed +0 pair of boots of the Eternal Secrets (worn) {Comp, Alch}
   (You found it on level 1 of the Dungeon)

   It has a curse which improves the following skills: Companions: Summonings
   and Necromancy.
   Alchemy:   Poison Magic and Transmutations.
 n - +0 gold dragon scales (worn)
 o - a +0 helmet (worn)
 t - a +0 pair of gloves (worn)
Jewellery
 h - the cursed ring of the Bound Seer (left hand) {Str+6, Fort, Bglg}
   (You found it on level 1 of the Dungeon)

   [ring of strength]

   It affects your strength (+6).
   It has a curse which improves the following skills: Fortitude: Armour and
   Shields.
   Beguiling: Conjurations, Hexes and Translocations.
 m - a +4 ring of evasion (right hand)
 p - a ring of willpower
Scrolls
 g - 2 scrolls of magic mapping
 i - 3 scrolls of blinking
 l - a scroll of teleportation
 q - a scroll of brand weapon
 r - a scroll of silence
 u - a scroll of enchant weapon
 v - a scroll of fog
Potions
 b - a potion of berserk rage
 d - 2 potions of might


   Skills:
 + Level 4.5(5.9) Fighting
 + Level 1.1(2.9) Axes
 + Level 4.6(4.7) Maces & Flails
 + Level 4.8(6.2) Armour
 + Level 0.1(0.3) Dodging
 + Level 5.1(6.6) Shields


You had 6 spell levels left.
You didn't know any spells.
Your spell library contained the following spells:

 Spells                   Type           Power      Damage    Failure   Level
 Foxfire                  Conj/Fire      0%         2x1d4     100%        1
 Conjure Flame            Conj/Fire      0%         6-21      100%        3
 Inner Flame              Hex/Fire       0%         N/A       100%        3
 Sticky Flame             Conj/Fire      0%         2d3       100%        4
 Fireball                 Conj/Fire      0%         3d3       100%        5


Dungeon Overview and Level Annotations

Branches:
Dungeon (5/15)
 Temple: D:4-7

Altars:
Ashenzari
Kikubaaqudgha
Nemelex Xobeh
Vehumet

Annotations:
D:5 Pikel


Innate Abilities, Weirdness & Mutations

You are immune to sickness and miasma.
Your stone body is resilient. (AC +4)
You are immune to poison.
You resist negative energy. (rN+)
You are resistant to electric shocks. (rElec)
You are resistant to unholy torment.
You are immune to petrification.


Message History

You start resting.
HP restored.
You drop a +0 flail.
You drop a +2 vampiric dagger.
Your +1 war axe of flaming stops flaming.
w - a +2 vorpal hand axe (weapon)
Things that are here:
a +0 ring mail; an orc corpse You now have 202 gold pieces (gained 17). 2 lemures and Pikel come into view.
Pikel is wielding a +0 whip of flaming and carrying a wand of acid (13).
Pikel shouts!
The lemure shouts! x2; You hear a shout!
A lemure comes into view.
The lemure shouts!
A lemure comes into view.
The lemure shouts!
You block the lemure's attack.
Your gold dragon scales prevents you from hitting the lemure.
You block the lemure's attack.
You barely miss Pikel. You hit the lemure. You block the lemure's attack. x2
Pikel closely misses you.
You hit Pikel.
Pikel is lightly wounded.
You hit the lemure. You closely miss the lemure. The lemure hits you.
The lemure hits you but does no damage. Pikel hits you but does no damage.
You hit Pikel.
Pikel is moderately wounded.
You miss the lemure. You closely miss the lemure.
The lemure hits you but does no damage. x2
Pikel says, "It's all about the gold, really."
Pikel zaps a wand.
The bolt of acid hits you but does no damage.
The acid corrodes you!
You are splashed with acid!
The lemure hits you but does no damage.
You hit Pikel.
Pikel is moderately wounded.
You hit the lemure but do no damage. x2; You block the lemure's attack.
Pikel barely misses you.
The lemure hits you but does no damage. x2
Pikel zaps a wand.
The bolt of acid hits you!
You are splashed with acid!
You die...

* * #########, ,
, ###......... ,
, ,
,,,........... ,
* ........... ,
,..........
#......... _
#......... , ,,
#555......, ,,
#.@K5.....,* * ,
#.######## , ,
*#......# , * ***
#..###.# *,
#....#. * ,
#..#.#.######*,
## #....##.....
..
#.....#....###.#
,
#..#..#..#.....#,
*


You could see Pikel and 4 lemures.

Vanquished Creatures
  Purgy (D:4)
  A hound (D:4)
  A jelly (D:5)
  A gnoll shaman (D:4)
  An orc priest (D:4)
  A bullfrog skeleton (D:5)
  An iguana (D:4)
  Robin (D:3)
  5 gnolls (D:4)
  3 adders
  2 adder skeletons
  7 worms
  3 dart slugs
  6 orcs
  4 bats
  10 endoplasms
  2 giant cockroaches (D:1)
  14 goblins
  8 hobgoblins
  12 jackals
  2 quokkas
  3 ball pythons
  A frilled lizard (D:1)
  8 kobolds
  6 rats
104 creatures vanquished.

Notes
Turn   | Place    | Note
-------+----------+-------------------------------------------
     0 | D:1      | Sabo the Gargoyle Fighter began the quest for the Orb.
     0 | D:1      | Reached XP level 1. HP: 14/14 MP: 1/1
   326 | D:1      | Reached XP level 2. HP: 20/20 MP: 2/2
   393 | D:1      | Found a faded altar of an unknown god.
   404 | D:1      | Became a worshipper of Ashenzari the Shackled
   947 | D:1      | Reached XP level 3. HP: 24/24 MP: 3/3
  1833 | D:2      | Reached XP level 4. HP: 29/29 MP: 4/4
  1972 | D:2      | Reached skill level 4 in Shields
  2538 | D:3      | Reached * piety under Ashenzari
  2784 | D:3      | Noticed Robin
  2822 | D:3      | Killed Robin
  2823 | D:3      | Reached XP level 5. HP: 9/35 MP: 5/5
  3428 | D:4      | Noticed Purgy
  3442 | D:4      | Killed Purgy
  3443 | D:4      | Reached XP level 6. HP: 3/40 MP: 6/6
  3989 | D:4      | Reached ** piety under Ashenzari
  4121 | D:4      | Found a radiant altar of Vehumet.
  4133 | D:4      | Found an ancient bone altar of Kikubaaqudgha.
  4142 | D:4      | Found a sparkling altar of Nemelex Xobeh.
  4211 | D:4      | Reached skill level 5 in Shields
  4657 | D:5      | Entered Level 5 of the Dungeon
  4680 | D:5      | Reached XP level 7. HP: 42/45 MP: 7/7
  4710 | D:5      | Reached skill level 1 in Axes
  4993 | D:5      | Noticed Pikel
  5002 | D:5      | Splashed by Pikel's acid

Illustrated notes

Levels and vault maps discovered:
D:1:      dpeg_arrival_stonehenge_12_columns, layout_basic,
          shapermc_ecumenical_altar_venn
D:2:      layout_basic
D:3:      layout_basic, uniq_robin
D:4:      layout_rooms, minmay_overflow_temple_star_quad,
          chequers_serial_rivers_large_b, uniq_purgy
D:5:      layout_basic, amcnicky_altar_gilded, hangedman_abyss_or_decor_passed,
          minmay_misc_feat_rows, uniq_blork_the_orc, uniq_pikel

Skill      XL: |  1  2  3  4  5  6  7 |
---------------+----------------------+-----
Shields        | 4 5 |  5.1
Fighting       | 4 |  4.5
Maces & Flails | 3 4 |  4.6
Armour         | 4 |  4.8
Axes           | 1 |  1.1
Dodging        | |  0.1

Action                   |  1- 3 |  4- 6 |  7- 9 || total
-------------------------+-------+-------+-------++-------
Melee: Flail             |   140 |   148 |       ||   288
       War axe           |       |    52 |    16 ||    68
       Hand axe          |       |       |     5 ||     5
Invok: Curse Item        |     1 |     2 |       ||     3
  Use: Potion            |       |     2 |       ||     2
Armor: Scale mail        |    57 |       |       ||    57
       Gold dragon scale |       |   160 |    22 ||   182
Dodge: Dodged            |    43 |    89 |     4 ||   136
Block: Kite shield       |    71 |   177 |     9 ||   257

Table legend: (Time is in decaauts)
 A = Elapsed time spent in this place.
 B = Non-inter-level travel time spent in this place.
 C = Inter-level travel time spent in this place.
 D = Time resting spent in this place.
 E = Time spent auto-exploring this place.
 F = Levels seen in this place.
 G = Mean time per level.
                   A        B        C        D        E       F      G
               +--------+--------+--------+--------+--------+-----+--------+
         Total |   5204 |   5204 |      0 |   1686 |      0 |   5 | 1040.8 |
       Dungeon |   5204 |   5204 |      0 |   1686 |      0 |   5 | 1040.8 |
               +--------+--------+--------+--------+--------+-----+--------+

Top non-repeatable levels by time:
     D:4: 1409 daAuts
     D:2: 1246 daAuts
     D:1: 1214 daAuts
     D:3: 969 daAuts
     D:5: 364 daAuts
